 Dungeon Crawl Stone Soup version 0.20-a0-432-g25cc1b4 (webtiles) character file.

692 Faca the Covered (level 7, -13/44 HPs)
             Began as a Gargoyle Fighter on Jan 2, 2017.
             Mangled by an ogre
             ... wielding a +0 giant spiked club
              (16 damage)
             ... on level 4 of the Dungeon.
             The game lasted 00:11:08 (4143 turns).

Faca the Covered (Gargoyle Fighter)                 Turns: 4143, Time: 00:11:09

Health: -13/44     AC: 18    Str: 20    XL:     7   Next: 63%
Magic:  7/7        EV:  7    Int:  8    God:
Gold:   232        SH: 10    Dex: 11    Spells: 6/6 levels left

rFire  . . .     SeeInvis .     a - +0 flail
rCold  . . .     Gourm    .     s - +0 plate armour
rNeg   + . .     Faith    .     c - +0 shield
rPois  ∞         Spirit   .     (no helmet)
rElec  +         Reflect  .     g - +0 cloak
rCorr  .         Harm     .     (no gloves)
MR     .....                    (no boots)
Stlth  ..........               (no amulet)
                                p - +3 ring of evasion
                                (no ring)

@: no status effects
A: negative energy resistance 1, electricity resistance, unbreathing,
petrification resistance, rot immunity, AC +4
a: no special abilities


You were on level 4 of the Dungeon.
You were not hungry.

You visited 1 branch of the dungeon, and saw 4 of its levels.

You collected 232 gold pieces.

Inventory:

Hand Weapons
 a - a +0 flail (weapon)
Armour
 c - a +0 shield (worn)
 g - a +0 cloak (worn)
 s - a +0 plate armour (worn)
Jewellery
 p - a +3 ring of evasion (right hand)
Scrolls
 e - 2 scrolls of recharging
 m - 2 scrolls of fog
 o - a scroll of magic mapping
Potions
 b - a potion of resistance {unknown}
 d - a potion of might
 h - a potion of flight {unknown}
 i - 2 potions of lignification
 j - a potion of ambrosia
 l - a potion of curing {unknown}
 q - a potion of heal wounds
 r - a potion of agility {unknown}
Comestibles
 f - 3 bread rations
 k - a meat ration
 n - 3 beef jerkies


   Skills:
 + Level 5.6 Fighting
 + Level 4.3 Maces & Flails
 + Level 5.6 Armour
 + Level 5.3 Shields


You had 6 spell levels left.
You didn't know any spells.

Dungeon Overview and Level Annotations

Branches:
Dungeon (4/15)
 Temple: D:4-7

Altars:


Innate Abilities, Weirdness & Mutations

You are resistant to torment.
Your stone body is resilient. (AC +4)
You are immune to poison.
You resist negative energy. (rN+)
You are resistant to electric shocks. (rElec)
You can survive without breathing.
You are immune to petrification.
You are immune to rotting.


Message History

The ogre is moderately wounded.
The ogre hits you with a giant spiked club.
Your plate armour prevents you from hitting the ogre.
The ogre is moderately wounded.
The ogre hits you with a giant spiked club!!
Ouch! That really hurt!
* * * LOW HITPOINT WARNING * * *
You are too injured to fight recklessly!
You hit the ogre but do no damage.
The ogre is moderately wounded.
The ogre hits you with a giant spiked club.
* * * LOW HITPOINT WARNING * * *
You hit the ogre.
The ogre is heavily wounded.
The ogre hits you with a giant spiked club.
* * * LOW HITPOINT WARNING * * *
You sock the ogre!
The ogre is severely wounded.
The ogre hits you with a giant spiked club!
You die...

#########
........#
#######.##########
# #..............#
###.###.########@#
....<##.# #O#
#.....#.# #.#
##...##.# #.#
###.###.# #.#
.†......# ...
###.##### ... #+#
###


You could see an ogre.

Vanquished Creatures
  4 big kobolds
  A hound (D:4)
  An orc priest (D:3)
  An iguana (D:4)
  An orc wizard (D:3)
  A worker ant (D:4)
  11 gnolls
  3 adders (D:2)
  3 worms
  A dart slug (D:1)
  4 leopard geckos
  6 orcs
  A ball python (D:3)
  3 giant cockroaches
  30 goblins
  24 hobgoblins
  7 jackals
  2 quokkas
  5 bats
  4 frilled lizards
  8 kobolds
  13 rats
134 creatures vanquished.

Vanquished Creatures (others)
  A bat (D:3)
1 creature vanquished.

Grand Total: 135 creatures vanquished

Notes
Turn   | Place    | Note
-------+----------+-------------------------------------------
     0 | D:1      | Faca the Gargoyle Fighter began the quest for the Orb.
     0 | D:1      | Reached XP level 1. HP: 14/14 MP: 1/1
   141 | D:1      | Reached XP level 2. HP: 15/19 MP: 2/2
   606 | D:1      | Reached XP level 3. HP: 18/23 MP: 3/3
  1196 | D:2      | Reached XP level 4. HP: 26/29 MP: 4/4
  2154 | D:3      | Reached XP level 5. HP: 24/33 MP: 5/5
  2546 | D:3      | Noticed a big kobold
  2546 | D:3      | Noticed a big kobold
  2546 | D:3      | Noticed a big kobold
  2546 | D:3      | Noticed a big kobold
  2698 | D:2      | Killed a big kobold
  2698 | D:2      | Reached XP level 6. HP: 39/39 MP: 6/6
  2750 | D:3      | Reached skill level 5 in Fighting
  2750 | D:3      | Reached skill level 5 in Armour
  2783 | D:3      | Reached XP level 7. HP: 44/44 MP: 7/7
  2819 | D:2      | Reached skill level 5 in Shields
  4143 | D:4      | Mangled by an ogre

Vault maps used:
D:1:      shiori_arrival_maze
D:2:      mumra_celtic_spiral_tile
D:3:      minmay_goblin_kobold_castle, first_bread
D:4:      yredelemnul_altar_generic

Skill      XL: |  1  2  3  4  5  6  7 |
---------------+----------------------+-----
Fighting       | 4 5 |  5.6
Armour         | 4 5 |  5.6
Maces & Flails | 3 4 |  4.3
Shields        | 4 5 |  5.3

Action                   |  1- 3 |  4- 6 |  7- 9 || total
-------------------------+-------+-------+-------++-------
Melee: Flail             |   155 |   261 |   209 ||   625
  Use: Scroll            |     3 |     5 |     1 ||     9
  Eat: Chunk             |     1 |       |     1 ||     2
       Meat ration       |       |     1 |       ||     1
       Fruit             |       |     3 |       ||     3
       Bread ration      |       |       |     1 ||     1
Armor: Scale mail        |    98 |    59 |       ||   157
       Plate armour      |       |   132 |   159 ||   291
Dodge: Dodged            |    48 |   145 |    86 ||   279
Block: Shield            |    86 |   176 |   180 ||   442
